Map: Ruins of Seras

Players

ILLBdA

  • Race: Protoss Protoss
  • League: Diamond

Neat - Winner!

  • Race: Terran Terran
  • League: Diamond

VOD

Have the link to the VOD?

Description

Time

  • Played on: Dec. 13, 2015, 2:37 a.m.
  • Length: 13:56
Show
View Real Time Build Order
Export as new Build Order

ILLBdA Protoss 

Build Orders: Oracle Opening 

Get SALT Encoding   

  12  0:01  Probe (Chrono Boost)  
  14  0:14  Probe (Chrono Boost)  
  14  0:25  Probe (Chrono Boost), Pylon  
  15  0:43  Gateway, Probe (Chrono Boost)  
  16  0:50  Assimilator  
  16  0:54  Probe (Chrono Boost)  
  17  1:04  Probe (Chrono Boost)  
  17  1:05  Assimilator  
  18  1:15  Probe (Chrono Boost)  
  19  1:26  Probe (Chrono Boost)  
  20  1:33  Cybernetics Core  
  20  1:36  Probe (Chrono Boost)  
  21  1:47  Probe (Chrono Boost)  
  22  1:57  Probe (Chrono Boost), Pylon  
  23  2:11  Warp Gate  
  25  2:16  Adept (Chrono Boost)  
  25  2:19  Stargate  
  25  2:22  Probe  
  26  2:26  Pylon  
  26  2:34  Mothership Core  
  28  2:39  Adept (Chrono Boost)  
  30  3:02  Gateway  
  30  3:05  Gateway, Oracle (Chrono Boost)  
  32  3:23  Pylon  
  30  3:32  Pylon  
  29  3:37  Oracle (Chrono Boost)  
  32  3:49  Probe  
  33  4:17  Adept x3  
  32  4:20  Void Ray (Chrono Boost)  
  35  4:42  Stalker x3  
  41  4:54  Probe  
  42  5:16  Void Ray (Chrono Boost)  
  42  5:54  Void Ray (Chrono Boost)  
  42  5:55  Stalker  
  42  5:56  Stalker  
  44  5:57  Zealot  
  44  6:05  Probe  
  41  6:22  Adept x3  
  47  6:48  Pylon  
  45  7:07  Void Ray (Chrono Boost)  
  47  7:34  Mothership Core, Adept  
  47  7:35  Zealot  
  53  7:41  Nexus  
  53  7:44  Pylon  
  53  7:50  Pylon  
  53  7:51  Forge  
  53  8:01  Oracle (Chrono Boost)  
  53  8:04  Adept x3  
  60  8:15  Probe  
  60  8:18  Pylon  
  57  8:27  Probe  
  57  8:31  Adept x3  
  64  8:36  Photon Cannon  
  64  8:39  Probe  
  38  9:27  Void Ray (Chrono Boost), Zealot x3  
  48  9:39  Photon Cannon  
  48  9:42  Probe  
  49  9:47  Probe  
  50  10:04  Adept, Phoenix (Chrono Boost)  
  54  10:10  Assimilator  
  54  10:16  Assimilator  
  54  10:20  Adept  
  56  10:23  Adept  
  58  10:34  Adept  
  60  10:42  Adept  
  62  10:44  Twilight Council  
  62  10:48  Phoenix (Chrono Boost)  
  63  11:07  Adept  
  63  11:10  Phoenix (Chrono Boost)  
  65  11:24  Adept  
  67  11:30  Phoenix (Chrono Boost)  
  66  11:40  Photon Cannon  
  66  11:43  Resonating Glaives (Chrono Boost)  
  66  11:48  Mothership Core  
  66  11:51  Probe  
  69  11:59  Phoenix  
  69  12:07  Adept  
  73  12:15  Adept  
  75  12:25  Pylon  
  75  12:30  Adept  
  77  12:38  Templar Archives  
  77  12:47  Adept  
  76  13:08  Adept x3  
  66  13:23  Phoenix  
  66  13:29  High Templar x2  
  66  13:30  High Templar  
  72  13:35  Probe  
Show
View Real Time Build Order
Export as new Build Order

Neat Terran - Winner!

Build Orders: Reaper Expand, MMM Bio 

Get SALT Encoding   

  12  0:00  SCV  
  13  0:12  SCV  
  14  0:23  Supply Depot  
  14  0:24  SCV  
  15  0:44  SCV  
  15  0:46  Barracks  
  15  0:47  Refinery  
  16  0:56  SCV  
  17  1:08  SCV  
  18  1:21  SCV  
  19  1:32  Reaper  
  19  1:33  Orbital Command  
  20  1:51  Command Center  
  20  1:57  Supply Depot  
  20  1:59  SCV  
  21  2:04  Marine  
  22  2:15  Factory  
  22  2:21  SCV  
  22  2:22  Marine  
  24  2:36  SCV  
  25  2:40  Marine  
  26  2:53  SCV  
  26  2:55  Bunker  
  26  2:58  Marine  
  28  3:01  Factory Tech Lab  
  28  3:03  Refinery  
  28  3:04  Supply Depot  
  28  3:05  SCV, Orbital Command  
  29  3:17  SCV, Marine  
  29  3:30  SCV, Cyclone  
  33  3:34  SCV  
  33  3:37  Marine  
  35  3:42  SCV  
  35  3:46  SCV  
  37  3:48  Supply Depot  
  37  3:53  Engineering Bay  
  37  3:54  SCV  
  38  3:56  Marine  
  38  3:58  SCV  
  36  4:07  SCV  
  35  4:10  SCV  
  36  4:19  SCV  
  36  4:22  SCV  
  38  4:36  SCV x2  
  39  4:39  Terran Infantry Weapons Level 1, Supply Depot  
  39  4:47  Factory Reactor  
  39  4:48  SCV  
  39  4:50  Barracks  
  39  4:52  SCV, Barracks  
  40  4:55  Stimpack  
  40  4:56  Marauder  
  42  5:05  SCV x2  
  44  5:17  SCV x2  
  46  5:31  Marine  
  47  5:35  SCV  
  47  5:36  SCV  
  49  5:49  Marine x3  
  40  6:04  Widow Mine x2  
  40  6:07  Marine x2  
  40  6:09  Starport  
  48  6:13  Marine  
  48  6:18  SCV x2  
  46  6:23  Supply Depot  
  46  6:25  Supply Depot, Marine x2  
  48  6:26  Supply Depot  
  48  6:37  Missile Turret  
  45  6:41  Marine  
  45  6:43  Marine x2  
  45  6:45  Widow Mine x2  
  49  6:58  Marine  
  49  7:00  Marine  
  49  7:01  Marine  
  46  7:16  Marine  
  46  7:18  Marine x2  
  48  7:30  Widow Mine  
  48  7:34  Marine  
  48  7:36  Marine x2  
  53  7:37  Supply Depot  
  53  7:52  Marine  
  53  7:54  Marine  
  53  8:07  Combat Shields  
  53  8:10  Marine  
  53  8:12  Marine  
  54  8:14  Marine  
  54  8:15  Factory Reactor, Medivac  
  57  8:21  Marine  
  57  8:26  Command Center  
  53  8:28  Marine  
  53  8:30  Marine  
  53  8:32  Marine  
  56  8:39  Marine  
  56  8:40  Supply Depot  
  56  8:41  Terran Infantry Armor Level 1  
  57  8:55  Marine x3  
  57  8:57  Marine  
  48  9:13  Marine x2  
  48  9:15  Marine  
  46  9:26  SCV  
  46  9:27  Medivac  
  46  9:31  Marine x2  
  49  9:36  Factory Reactor  
  50  9:39  Orbital Command  
  50  9:41  Marine  
  50  9:42  Marine  
  50  9:44  Marine  
  53  9:54  Marine  
  54  10:03  Orbital Command, Marine  
  55  10:08  Marine x2  
  55  10:12  Orbital Command  
  57  10:32  Refinery  
  57  10:36  Marine  
  57  10:38  Marine  
  59  10:43  Marine x3  
  62  10:54  Marine  
  62  10:56  Marine  
  64  11:00  Medivac  
  65  11:12  Marine x3  
  65  11:13  Marine  
  66  11:19  Marine  
  61  11:30  Marine x3  
  64  11:32  Marine  
  64  11:36  Marine  
  66  11:40  SCV  
  66  11:41  SCV  
  66  11:43  Refinery  
  66  11:44  Factory Reactor  
  66  11:45  Barracks x2  
  68  11:48  Marine x2  
  68  11:51  Marine x2  
  68  11:52  Medivac x2  
  68  11:53  SCV x2  
  78  11:54  Marine  
  79  12:05  SCV  
  79  12:06  Marine x2  
  79  12:07  Barracks  
  82  12:09  Marine  
  82  12:11  Armory  
  82  12:12  Engineering Bay  
  82  12:14  Marine  
  83  12:22  Marauder, Widow Mine x2  
  86  12:24  Marine  
  86  12:29  Marine x2  
  90  12:30  Medivac  
  90  12:31  Marine, Medivac  
  90  12:35  SCV x2  
  90  12:36  Barracks Tech Lab x2  
  98  12:46  Refinery  
  98  12:47  SCV  
  98  12:48  SCV  
  98  12:50  Refinery  
  94  12:59  Command Center  
  94  13:00  Marine x3  
  91  13:13  Marine x3  
  91  13:14  Marauder x2  
  91  13:18  Marine  
  85  13:30  Marine x2  
  85  13:31  Marine  
  85  13:32  Marauder  
  85  13:33  Barracks Tech Lab  
Tags
 
Add a new tag
Caveats
  • Supply blocks, unpowered buildings, or Contaminate may cause inaccurate times.
  • Supply counts are checked every 10 seconds.